 Dungeon Crawl Stone Soup version 0.30-a0-900-g23479c02f2 (webtiles) character file.

Game seed: 6970411730328271172

172 timneilson the Covered (level 5, -2/33 HPs)
             Began as a Gargoyle Fighter on Mar 18, 2023.
             Slain by Crazy Yiuf
             ... wielding a +4 quarterstaff of chaos
              (9 damage)
             ... on level 2 of the Dungeon.
             The game lasted 00:02:08 (1737 turns).

timneilson the Covered (Gargoyle Fighter)           Turns: 1737, Time: 00:02:09

Health: -2/33      AC: 14    Str: 19    XL:     5   Next: 53%
Magic:  0/5        EV:  7    Int:  9    God:
Gold:   108        SH:  4    Dex: 11    Spells: 4/4 levels left

rFire   . . .      SeeInvis .    a - +0 long sword
rCold   . . .      Faith    .    c - +0 buckler
rNeg    + . .      Spirit   .    f - +0 chain mail
rPois   ∞          Reflect  .    (no helmet)
rElec   +          Rampage  .    h - +0 cloak
rCorr   .                        (no gloves)
Will    .....                    (no boots) Stlth
                                 (no amulet)
HPRegen 0.25/turn                (no ring)
MPRegen 0.09/turn                (no ring)

@: hasted, very quick
A: sickness immunity, AC +4, negative energy resistance 1, electricity
resistance, torment resistance 1, petrification resistance
a: no special abilities


You were on level 2 of the Dungeon.
You visited 1 branch of the dungeon, and saw 2 of its levels.

You collected 108 gold pieces.

Inventory:

Hand Weapons
 a - a +0 long sword (weapon)
Armour
 c - a +0 buckler (worn)
 f - a +0 chain mail (worn)
 h - a +0 cloak (worn)
Scrolls
 k - 2 scrolls of fog {unknown}
Potions
 b - a potion of brilliance {unknown}
 d - 2 potions of might
 e - 4 potions of curing
 g - 2 potions of haste
 i - a potion of degeneration {unknown}


   Skills:
 + Level 3.8 Fighting
 * Level 2.9 Long Blades
 * Level 4.4 Armour
 + Level 1.1 Dodging
 * Level 4.3 Shields


You had 4 spell levels left.
You didn't know any spells.
Your spell library contained the following spells:

 Spells                   Type           Power      Damage    Failure   Level
 Ensorcelled Hibernation  Hex/Ice        0%         N/A       100%        2
 Passwall                 Tmut/Erth      0%         N/A       100%        2
 Swiftness                Air            0%         N/A       100%        3


Dungeon Overview and Level Annotations

Branches:
Dungeon (2/15)

Altars:

Annotations:
D:2 Crazy Yiuf


Innate Abilities, Weirdness & Mutations

You are immune to sickness and miasma.
Your stone body is resilient. (AC +4)
You are immune to poison.
You resist negative energy. (rN+)
You are resistant to electric shocks. (rElec)
You are resistant to unholy torment.
You are immune to petrification.


Message History

As you read the scroll labelled TYECONGOMA, it crumbles to dust.
It is a scroll of identify.
g - 3 potions of haste You feel yourself speed up.
You open the door.
Crazy Yiuf hits you with a +4 quarterstaff of chaos.
There is an open translucent door here.
You hit Crazy Yiuf.
Crazy Yiuf is moderately wounded.
Crazy Yiuf hits you with a +4 quarterstaff of chaos!
You feel your power leaking away.
You closely miss Crazy Yiuf.
Crazy Yiuf is moderately wounded.
Crazy Yiuf hits you with a +4 quarterstaff of chaos.
You feel as though your hastened speed will last longer.
You barely miss Crazy Yiuf.
Crazy Yiuf is moderately wounded.
Crazy Yiuf hits you but does no damage.
You barely miss Crazy Yiuf.
Crazy Yiuf is moderately wounded.
Crazy Yiuf hits you with a +4 quarterstaff of chaos.
Crazy Yiuf burns you.
* * * LOW HITPOINT WARNING * * *
You hit Crazy Yiuf.
Crazy Yiuf is heavily wounded.
Crazy Yiuf hits you with a +4 quarterstaff of chaos.
* * * LOW HITPOINT WARNING * * *
You hit Crazy Yiuf but do no damage.
Crazy Yiuf is heavily wounded.
You closely miss Crazy Yiuf.
Crazy Yiuf is heavily wounded.
Crazy Yiuf barely misses you.
You barely miss Crazy Yiuf.
Crazy Yiuf is heavily wounded.
Crazy Yiuf yells, "Flower!
Powder ena seventy."
You block Crazy Yiuf's attack.
You hit Crazy Yiuf.
Crazy Yiuf is severely wounded.
Crazy Yiuf hits you with a +4 quarterstaff of chaos!
You die...

####...#####.#..#
#.#### #...#
#..#..# #....##
#...# #..#..#
#.##..# #####
####### #####)#
#.## #..# ####
#####.# #)..###
##P.#..#
#..g@.####PP....#
#...##..#.P#...##
########### ####
###.#...###
.........)#
#######
###########
####### ###
#..##.## #.#
#..##..# #.#
#..###.# #.#


You could see Crazy Yiuf.

Vanquished Creatures
  Jessica (D:2)
  Natasha (thrice) (D:2)
  3 adders (D:2)
  A dart slug (D:1)
  4 ball pythons
  4 bats
  3 endoplasms (D:1)
  3 giant cockroaches
  A goblin (D:1)
  3 hobgoblins
  6 jackals (D:1)
  A quokka (D:1)
  A frilled lizard (D:1)
  5 kobolds
  3 rats (D:1)
42 creatures vanquished.

Vanquished Creatures (others)
  A fungus (D:2)
1 creature vanquished.

Grand Total: 43 creatures vanquished

Notes
Turn   | Place    | Note
-------+----------+-------------------------------------------
     0 | D:1      | timneilson the Gargoyle Fighter began the quest for the
                  | Orb.
     0 | D:1      | Reached XP level 1. HP: 14/14 MP: 1/1
   165 | D:1      | Reached XP level 2. HP: 19/19 MP: 2/2
   490 | D:1      | Reached XP level 3. HP: 20/23 MP: 3/3
   821 | D:2      | Noticed Natasha
   830 | D:2      | Killed Natasha
   831 | D:2      | Reached XP level 4. HP: 16/28 MP: 4/4
   905 | D:2      | Found a faded altar of an unknown god.
  1362 | D:2      | Noticed Jessica
  1371 | D:2      | Killed Jessica
  1372 | D:2      | Reached skill level 1 in Dodging
  1372 | D:2      | Reached XP level 5. HP: 30/33 MP: 5/5
  1588 | D:2      | Noticed Natasha
  1597 | D:2      | Killed Natasha
  1646 | D:2      | Noticed Natasha
  1653 | D:2      | Killed Natasha
  1721 | D:2      | Found a runed translucent door.
  1722 | D:2      | Noticed Crazy Yiuf
  1737 | D:2      | Slain by Crazy Yiuf

Illustrated notes

Levels and vault maps discovered:
D:1:      kilobyte_arrival_exit_the_forest, layout_basic, st_stairs_12,
          chequers_jeans, serial_bayou_crossing
D:2:      layout_loops_ring, nicolae_ecumenical_lake_church,
          uniq_crazy_yiuf_cottage, uniq_natasha, uniq_jessica

Skill      XL: |  1  2  3  4 |
---------------+-------------+-----
Long Blades    | 2 |  2.9
Armour         | 4 |  4.4
Shields        | 4 |  4.3
Dodging        | 1 |  1.1
Fighting       | |  3.8

Action                     |  1- 3 |  4- 6 || total
---------------------------+-------+-------++-------
  Melee: Long sword        |    74 |    82 ||   156
    Use: Scroll            |       |     1 ||     1
         Potion            |       |     1 ||     1
 Armour: Chain mail        |    49 |    67 ||   116
         Scale mail        |     2 |       ||     2
  Dodge: Dodged            |    35 |    39 ||    74
  Block: Buckler           |    14 |    18 ||    32

Table legend: (Time is in decaauts)
 A = Elapsed time spent in this place.
 B = Non-inter-level travel time spent in this place.
 C = Inter-level travel time spent in this place.
 D = Time resting spent in this place.
 E = Time spent auto-exploring this place.
 F = Levels seen in this place.
 G = Mean time per level.
                   A        B        C        D        E       F      G
               +--------+--------+--------+--------+--------+-----+--------+
         Total |   1801 |   1761 |     40 |      0 |   1374 |   2 |  900.5 |
       Dungeon |   1801 |   1761 |     40 |      0 |   1374 |   2 |  900.5 |
               +--------+--------+--------+--------+--------+-----+--------+

Top non-repeatable levels by time:
     D:2: 993 daAuts
     D:1: 808 daAuts
